 Dungeon Crawl Stone Soup version 0.29.1-15-g9cfb28693d (webtiles) character file.

Game seed: 5353332434588046132

266 Libra00 the Ruffian (level 6, -2/61 HPs)
             Began as a Troll Fighter on June 5, 2023.
             Slain by a gnoll
             ... wielding a +0 halberd
              (7 damage)
             ... on level 3 of the Dungeon.
             The game lasted 00:05:07 (2483 turns).

Libra00 the Ruffian (Troll Fighter)                 Turns: 2483, Time: 00:05:07

Health: -2/61      AC:  4    Str: 27    XL:     6   Next: 0%
Magic:  5/5        EV:  8    Int:  4    God:
Gold:   168        SH:  7    Dex:  9    Spells: 5/5 levels left

rFire   . . .      SeeInvis .     - Unarmed
rCold   . . .      Faith    .   b - +0 kite shield
rNeg    . . .      Spirit   .   a - +0 robe
rPois   .          Reflect  .   (helmet restricted)
rElec   .          Harm     .   (no cloak)
rCorr   .          Rampage  .   (gloves unavailable)
Will    .....                   (boots unavailable)
Stlth   +.........              (no amulet)
HPRegen 1.00/turn               (no ring)
MPRegen 0.09/turn               (no ring)

@: no status effects
A: large, unfitting armour, claws 3, regeneration 1, shaggy fur 1, tough skin 1
a: no special abilities


You were on level 3 of the Dungeon.
You visited 1 branch of the dungeon, and saw 3 of its levels.

You collected 168 gold pieces.

Inventory:

Missiles
 o - 2 throwing nets (quivered)
Armour
 a - a +0 robe (worn)
 b - a +0 kite shield (worn)
Jewellery
 r - an amulet of magic regeneration
Scrolls
 d - 4 scrolls of teleportation {unknown}
 f - a scroll of immolation {unknown}
 g - 7 scrolls of identify {unknown}
 h - a scroll of enchant weapon {unknown}
 i - a scroll of noise {unknown}
 m - a scroll of blinking {unknown}
 q - a scroll of fear {unknown}
Potions
 c - 2 potions of might
 e - a potion of attraction {unknown}
 j - a potion of berserk rage {unknown}
 k - 2 potions of lignification {unknown}
 l - a potion of haste {unknown}
 n - a potion of mutation {unknown}
 p - 2 potions of flight {unknown}


   Skills:
 + Level 3.4 Fighting
 - Level 2.4 Dodging
 + Level 3.8 Shields
 * Level 4.6 Unarmed Combat


You had 5 spell levels left.
You didn't know any spells.
Your spell library contained the following spells:

 Spells                   Type           Power      Damage    Failure   Level
 Call Canine Familiar     Summ           0%         N/A       99%         3
 Portal Projectile        Hex/Tloc       0%         N/A       99%         3
 Leda's Liquefaction      Hex/Erth       0%         N/A       100%        4
 Summon Forest            Summ/Tloc      0%         N/A       100%        5
 Eringya's Noxious Bog    Tmut/Pois      0%         N/A       100%        6
 Summon Hydra             Summ           0%         N/A       100%        7


Dungeon Overview and Level Annotations

Branches:
Dungeon (3/15)

Altars:
Dithmenos
Okawaru
Ru

Shops:
D:2 :


Innate Abilities, Weirdness & Mutations

You are too large for most types of armour.
You have claws for hands.
Your natural rate of healing is unusually fast.
You are covered in fur. (AC +1)
You have tough skin. (AC +1)


Message History

You block the hound's attack.
The gnoll hits you from afar with a +0 halberd!
You claw the hound!
You kill the hound!
The gnoll hits you from afar with a +0 halberd!
You closely miss the hound. The hound bites you.
The hound bites you but does no damage. The gnoll barely misses you.
You barely miss the hound. The hound bites you. The gnoll closely misses you.
The hound bites you but does no damage.
You scratch the hound but do no damage. The hound barely misses you.
The gnoll barely misses you.
You mangle the hound!!
You kill the hound!
The gnoll hits you from afar with a +0 halberd!
You have reached level 6!
You feel stronger.
You are too injured to fight recklessly!
You are too injured to fight recklessly!
You are too injured to fight recklessly!
You are too injured to fight recklessly!
A gnoll is nearby!
The gnoll barely misses you.
A gnoll is nearby!
A gnoll is nearby!
A gnoll is nearby!
The gnoll hits you from afar with a +0 halberd.
The gnoll hits you from afar with a +0 halberd!
* * * LOW HITPOINT WARNING * * *
The gnoll closely misses you.
You scratch the gnoll but do no damage. The gnoll hits you with a +0 halberd!
* * * LOW HITPOINT WARNING * * *
You closely miss the gnoll. You block the gnoll's attack.
You barely miss the gnoll. The gnoll hits you with a +0 halberd.
* * * LOW HITPOINT WARNING * * *
You closely miss the gnoll. The gnoll hits you with a +0 halberd.
* * * LOW HITPOINT WARNING * * *
You scratch the gnoll.
The gnoll is lightly wounded.
The gnoll hits you with a +0 halberd!
You die...

#..#.####.#.....P.P......#.....#
#..#......#..............#.....#
#..########..............#.....#
#.........#....................#
#.#######.##......########.....#
#.#.............### #.....#
#.#.###.#.#####.# #.#####
#.#.#...#.# #g# #####.#
##.#.#.#.#.# #@# #.....#
...#.#...#.# #.# #.#####
####.#####.#####.# #.#
#...[.....#.....# ####.#########
#.#.#######.##### #....#....>...
#.#......<#.# #.####.#######
#.#####.#...# #.# #.# #.#
#.##### #.# #.# #.#####.# #.#
#.#


You could see a gnoll.

Vanquished Creatures
  A scorpion (D:3)
  2 hounds (D:3)
  4 adders
  3 gnolls (D:3)
  3 worms
  2 dart slugs
  3 orcs (D:3)
  4 ball pythons
  9 endoplasms
  3 giant cockroaches
  4 goblins
  6 hobgoblins
  3 jackals (D:1)
  2 quokkas
  5 bats
  9 kobolds
  4 rats (D:1)
67 creatures vanquished.

Notes
Turn   | Place    | Note
-------+----------+-------------------------------------------
     0 | D:1      | Libra00 the Troll Fighter began the quest for the Orb.
     0 | D:1      | Reached XP level 1. HP: 22/22 MP: 0/0
   243 | D:1      | Reached XP level 2. HP: 29/29 MP: 1/1
   461 | D:1      | Found a faded altar of an unknown god.
   782 | D:1      | Reached XP level 3. HP: 28/36 MP: 2/2
  1035 | D:2      | Reached skill level 3 in Unarmed Combat
  1243 | D:2      | Found Tosch's Book Emporium.
  1542 | D:3      | Reached XP level 4. HP: 44/44 MP: 3/3
  1590 | D:3      | Found a sacrificial altar of Ru.
  1934 | D:3      | Found a shadowy altar of Dithmenos.
  2019 | D:3      | Noticed a scorpion
  2022 | D:3      | Killed a scorpion
  2023 | D:3      | Reached skill level 4 in Unarmed Combat
  2023 | D:3      | Reached XP level 5. HP: 53/53 MP: 4/4
  2212 | D:3      | Found an iron altar of Okawaru.
  2466 | D:3      | Reached XP level 6. HP: 26/61 MP: 5/5
  2483 | D:3      | Slain by a gnoll

Illustrated notes

Levels and vault maps discovered:
D:1:      tarquinn_simple_flora_water_f, layout_basic,
          hellmonk_ecumenical_altar_leap_of_faith
D:2:      layout_loops_ring, serial_shops, shop
D:3:      layout_basic, nicolae_ru_path_of_blood, grunt_dithmenos_smoke,
          okawaru_altar_gauntlet_db, cheibrodos_gnoll_hut

Skill      XL: |  1  2  3  4 |
---------------+-------------+-----
Shields        | 3 |  3.8
Unarmed Combat | 3 4 |  4.6
Fighting       | 3 |  3.4
Dodging        | |  2.4

Action                   |  1- 3 |  4- 6 || total
-------------------------+-------+-------++-------
Melee: Unarmed           |   108 |    88 ||   196
 Stab: Sleeping          |     1 |     1 ||     2
       Distracted        |       |     1 ||     1
Armor: Robe              |    35 |    27 ||    62
Dodge: Dodged            |    36 |    40 ||    76
Block: Kite shield       |    34 |    33 ||    67
